 Dungeon Crawl Stone Soup version 0.21-a0-324-gfc3775b (webtiles) character file.

382 RKaid the Poker (level 6, -3/56 HPs)
             Began as a Draconian Chaos Knight on Oct 1, 2017.
             Killed from afar by Ijyb the ice dragon (glowing shapeshifter) (43 damage)
             ... with a blast of cold
             ... on level 4 of the Dungeon.
             The game lasted 00:10:55 (3682 turns).

RKaid the Poker (Draconian Chaos Knight)            Turns: 3682, Time: 00:11:00

Health: -3/56      AC:  7    Str: 14 (15) XL:     6   Next: 47%
Magic:  6/6        EV: 12    Int: 12 (14) God:    Xom [.....*]
Gold:   155        SH:  0    Dex:  8 (10) Spells: 5/5 levels left

rFire    . . .     SeeInvis +   a - +0 spear (chaos)
rCold    . . .     Gourm    .   (no shield)
rNeg     . . .     Faith    .   (armour unavailable)
rPois    .         Spirit   .   (helmet restricted)
rElec    .         Reflect  .   t - +0 cloak
rCorr    .         Harm     .   (no gloves)
MR       .....                  (no boots)
Stlth    +.........             g - amulet of rage {+Rage}
HPRegen  0.18/turn              q - ring of see invisible {sInv}
MPRegen  0.10/turn              (no ring)

@: cleaving
A: unfitting armour, cold-blooded, AC +6
a: Renounce Religion, Evoke Berserk Rage


You were on level 4 of the Dungeon.
You worshipped Xom.
You were Xom's teddy bear.
You were not hungry.

You visited 1 branch of the dungeon, and saw 4 of its levels.

You collected 155 gold pieces.

Inventory:

Hand Weapons
 a - a +0 spear of chaos (weapon)
Missiles
 e - 128 stones (quivered)
 s - 54 sling bullets
Armour
 t - a +0 cloak (worn)
   (You found it on level 3 of the Dungeon)
Magical Staves
 f - an uncursed staff of summoning {!a}
   (You found it on level 3 of the Dungeon)
Jewellery
 g - an amulet of rage (around neck) {+Rage}
   (You found it on level 1 of the Dungeon)
 k - an uncursed ring of fire {rF+, rC-}
   (You found it on level 1 of the Dungeon)
 q - a ring of see invisible (left hand) {sInv}
   (Xom gifted it to you on level 3 of the Dungeon)
Scrolls
 d - a scroll of teleportation
 i - a scroll of identify
 l - 3 scrolls of blinking {unknown}
 n - a scroll of fear {unknown}
 o - 4 scrolls of remove curse
Potions
 c - a potion of agility
 p - a potion of might {unknown}
 u - 2 potions of cancellation
Books
 j - a book of Frost
   (You found it on level 4 of the Dungeon)
Comestibles
 b - a bread ration
 h - a meat ration
 m - a royal jelly
 r - 2 chunks of flesh


   Skills:
 + Level 5.4 Fighting
 * Level 6.2 Polearms
 - Level 2.1 Dodging


You had 5 spell levels left.
You didn't know any spells.

Dungeon Overview and Level Annotations

Branches:
Dungeon (4/15)             Temple (0/1) D:4

Altars:
Fedhas
Gozag
Makhleb
Xom

Annotations:
D:4 Ijyb


Innate Abilities, Weirdness & Mutations

Your plain brown scales are hard. (AC +6)
You cannot fit into any form of body armour.
You are cold-blooded and may be slowed by cold attacks.


Message History

Ijyb the merfolk changes into a torpor snail!
Things that are here:
a dagger; a robe An orc comes into view.
It is wielding a whip.
The orc shouts!
You hit the orc.
The orc appears confused.
You hit the orc. You burn the orc. You hit the orc.
You hit the orc but do no damage.
The orc is poisoned.
You tail-slap the orc.
You kill the orc!
No target in view!
You see here a whip.
There is a stone staircase leading up here.
Found a stone staircase leading down.
A quokka comes into view.
Xom's malign attention turns to you for a moment.
Your body is wracked with pain!
You are too injured to fight recklessly!
You are too injured to fight recklessly!
Attack whom?
Press: ? - help, Dir - move target cursor, f - quokka
Aim: a quokka You reach to attack!
You hit the quokka.
The quokka is poisoned.
The quokka twitches its whiskers.
You hit the quokka.
You kill the quokka!
You now have 142 gold pieces (gained 11).
You see here a quokka corpse.
You butcher the quokka corpse.
r - 4 chunks of flesh (gained 1)
You start resting.
Xom complains about the scenery.
Some of the chunks of flesh in your inventory have rotted away.
You now have 155 gold pieces (gained 13).
Eating a chunk of flesh.
You eat the chunk of flesh.
This raw flesh tastes terrible.
e - 128 stones (gained 23)
A jackal comes into view.
The jackal barks!
A jackal comes into view.
The jackal barks!
You hit the jackal. You burn the jackal. The jackal closely misses you.
You closely miss the jackal.
The jackal bites you but does no damage.
You miss the jackal. The jackal closely misses you.
You barely miss the jackal.
Your tail-slap misses the jackal.
The jackal bites you but does no damage.
The jackal misses you.
You hit the jackal but do no damage.
The jackal seems to slow down.
The jackal closely misses you. The jackal bites you.
You hit the jackal but do no damage.
The jackal bites you but does no damage. x2
You hit the jackal.
You kill the jackal!
The jackal completely misses you.
You hit the jackal. Lightning courses through the jackal!
You kill the jackal!
You see here a jackal corpse.
You butcher the jackal corpse.
r - 2 chunks of flesh
There is a stone staircase leading down here.
There is a stone staircase leading down here.
Ijyb the spark wasp comes into view. "Serve the toy, my child!"
You swap places.
Ijyb stings your iron imp! Ijyb shocks your iron imp.
Your iron imp resists.
Your iron imp dies!
Attack whom?
Press: ? - help, Dir - move target cursor, f - Ijyb
Aim: Ijyb the spark wasp You reach to attack!
You hit Ijyb but do no damage. You closely miss Ijyb. Ijyb barely misses you.
You hit Ijyb.
Ijyb is poisoned.
You tail-slap Ijyb, but do no damage. Ijyb closely misses you.
You hit Ijyb but do no damage.
Your tail-slap misses Ijyb.
Ijyb the spark wasp changes into a queen ant!
You hit Ijyb but do no damage.
Ijyb waves its antennae.
Ijyb stings you!
You hit Ijyb but do no damage.
Ijyb the queen ant changes into a tyrant leech! "Go forth and destroy!"
Your +0 spear of chaos looks sharp.
You are now Xom's teddy bear.
Attack whom?
Press: ? - help, Dir - move target cursor, f/p - Ijyb
Aim: Ijyb the tyrant leech shaped shifter You reach to attack!
You closely miss Ijyb.
Xom's power touches on a nearby monster.
Ijyb the tyrant leech changes into an ice dragon!
Press: ? - help, v - describe, . - travel
Here: Ijyb the ice dragon shaped shifter The floor.
You fail to use your ability.
Ijyb breathes frost at you. The blast of cold hits you!
Ouch! That really hurt!
You die...
Xom is highly amused!

######## .......##
...###..# ...# ##.# ...##
#.##
....###..###############
..............D.@......##
#....###..#..#########..#
##)..# ##.##.##########.#
#...# #.##.#..........##
###..# #..#...###.......#
.....#####.##..####.####.##
..........................#
......####..#..####.####..#
......#........# #.# #..#


You could see Ijyb the ice dragon shaped shifter.

Vanquished Creatures
  The ghost of ciphuk the Bolt Thrower, an amateur KoHu (D:3)
  A phantom (D:4)
  An orc wizard (D:4)
  2 worker ants (D:4)
  A hound skeleton (D:4)
  2 adders (D:2)
  A river rat (D:1)
  An ooze (D:1)
  A dart slug (D:1)
  A leopard gecko (D:1)
  5 orcs (D:4)
  A giant cockroach (D:3)
  8 goblins
  3 hobgoblins
  6 jackals
  A quokka (D:4)
  8 bats
  8 frilled lizards
  8 kobolds
  2 leopard gecko skeletons (D:4)
  4 rats
66 creatures vanquished.

Notes
Turn   | Place    | Note
-------+----------+-------------------------------------------
     0 | D:1      | RKaid the Draconian Chaos Knight began the quest for the Orb.
     0 | D:1      | Reached XP level 1. HP: 19/19 MP: 1/1
   169 | D:1      | Reached XP level 2. HP: 26/26 MP: 2/2
   359 | D:1      | Reached XP level 3. HP: 28/33 MP: 3/3
   503 | D:1      | Reached skill level 4 in Fighting
   824 | D:2      | Reached skill level 4 in Polearms
  1019 | D:2      | Found a burning altar of Makhleb.
  1019 | D:2      | Noticed a cacodemon
  1228 | D:2      | Reached XP level 4. HP: 32/40 MP: 4/4
  1389 | D:2      | XOM: divination: detect items
  1653 | D:3      | Noticed ciphuk's ghost (amateur KoHu)
  1731 | D:3      | XOM: summons friendly ufetubus
  1737 | D:3      | XOM: cast spell 'Summon Butterflies'
  1741 | D:3      | XOM: butterfly on damage
  1963 | D:3      | XOM: 3-stop teleportation journey
  2005 | D:3      | XOM: god gift: knobbly bronze ring {god gift}
  2032 | D:3      | Found an opulent altar of Gozag.
  2088 | D:3      | XOM: medium Pois miscast
  2141 | D:3      | XOM: harmless Conj miscast
  2430 | D:3      | Killed ciphuk's ghost
  2430 | D:3      | Reached skill level 5 in Polearms
  2430 | D:3      | Reached XP level 5. HP: 29/47 MP: 5/5
  2538 | D:3      | XOM: scenery: create altars
  2775 | D:4      | Noticed a phantom
  2807 | D:4      | XOM: fog
  2809 | D:4      | XOM: enchant monster (good)
  2813 | D:4      | Killed a phantom
  2813 | D:4      | Reached skill level 5 in Fighting
  2813 | D:4      | Reached XP level 6. HP: 33/56 MP: 6/6
  2841 | D:4      | HP: 14/56 [poisoned by a worker ant]
  2844 | D:4      | XOM: fog
  3070 | D:4      | Noticed Ijyb
  3102 | D:4      | Noticed Ijyb
  3102 | D:4      | Ijyb changed into Ijyb the porcupine
  3108 | D:4      | Noticed Ijyb
  3108 | D:4      | Ijyb the porcupine changed into Ijyb the centaur
  3111 | D:4      | Noticed Ijyb
  3111 | D:4      | Ijyb the centaur changed into Ijyb the bullfrog
  3112 | D:4      | Noticed Ijyb
  3112 | D:4      | Ijyb the bullfrog changed into Ijyb the steam dragon
  3113 | D:4      | Noticed Ijyb
  3113 | D:4      | Ijyb the steam dragon changed into Ijyb the sky beast
  3115 | D:4      | XOM: noise
  3116 | D:4      | Noticed Ijyb
  3116 | D:4      | Ijyb the sky beast changed into Ijyb the porcupine
  3117 | D:4      | Noticed Ijyb
  3117 | D:4      | Ijyb the porcupine changed into Ijyb the sky beast
  3119 | D:4      | Noticed Ijyb
  3119 | D:4      | Ijyb the sky beast changed into Ijyb the hornet
  3121 | D:4      | Found a staircase to the Ecumenical Temple.
  3121 | D:4      | XOM: 4-stop teleportation journey
  3244 | D:4      | Reached skill level 6 in Polearms
  3253 | D:4      | Found a blossoming altar of Fedhas.
  3439 | D:4      | Noticed Ijyb
  3439 | D:4      | Noticed Ijyb
  3439 | D:4      | Ijyb the cyclops changed into Ijyb the komodo dragon
  3442 | D:4      | Noticed Ijyb
  3442 | D:4      | Ijyb the komodo dragon changed into Ijyb the lindwurm
  3447 | D:4      | Noticed Ijyb
  3454 | D:4      | Noticed Ijyb
  3465 | D:4      | Noticed Ijyb
  3465 | D:4      | Ijyb the merfolk changed into Ijyb the torpor snail
  3508 | D:4      | XOM: torment (29/56 hp)
  3535 | D:4      | XOM: scenery: create altars
  3670 | D:4      | Noticed Ijyb
  3670 | D:4      | XOM: summons friendly iron imp
  3677 | D:4      | Noticed Ijyb
  3677 | D:4      | Ijyb the spark wasp changed into Ijyb the queen ant
  3679 | D:4      | Noticed Ijyb
  3679 | D:4      | Ijyb the queen ant changed into Ijyb the tyrant leech
  3680 | D:4      | XOM: cleaving
  3681 | D:4      | Noticed Ijyb
  3681 | D:4      | Ijyb the tyrant leech changed into Ijyb the ice dragon
  3681 | D:4      | XOM: polymorph Ijyb the tyrant leech -> Ijyb the ice dragon
  3682 | D:4      | Killed from afar by Ijyb the ice dragon (glowing shapeshifter)

Vault maps used:
D:1:      minmay_arrival_nine_rooms
D:2:      makhleb_altar_promises_db
D:3:      roderic_three_in_a_row, grunt_gozag_breadcrumbs
D:4:      old_standard_altar, minmay_temple_entry_large_hall, first_bread,
          uniq_ijyb

Skill      XL: |  1  2  3  4  5  6 |
---------------+-------------------+-----
Fighting       | 4 5 |  5.4
Polearms       | 4 5 6 |  6.2
Dodging        | |  2.1

Action                   |  1- 3 |  4- 6 || total
-------------------------+-------+-------++-------
Melee: Spear             |   114 |   176 ||   290
       Tailslap          |    15 |    14 ||    29
  Use: Scroll            |       |     3 ||     3
       Potion            |       |     4 ||     4
 Stab: Sleeping          |     1 |     1 ||     2
       Paralysed         |       |     6 ||     6
  Eat: Chunk             |     1 |     8 ||     9
Armor: Skin              |    26 |    34 ||    60
Dodge: Dodged            |    56 |    61 ||   117

Table legend:
 A = Spawn XP
 B = Non-spawn XP
 C = Spawn XP percentage of total XP
 D = Spawn monster count
 E = Non-spawn monster count
 F = Spawn count percentage of total count
 G = Total turns spent on level
                    A         B        C        D         E        F      G
               +---------+---------+-------+---------+---------+-------+---------
         Total |       0 |     547 |   0.0 |       0 |      66 |   0.0 |  3682
               +---------+---------+-------+---------+---------+-------+---------
           D:1 |       0 |      57 |   0.0 |       0 |      24 |   0.0 |   819
           D:2 |       0 |      42 |   0.0 |       0 |      12 |   0.0 |   942
           D:3 |       0 |     180 |   0.0 |       0 |      15 |   0.0 |   984
           D:4 |       0 |     268 |   0.0 |       0 |      15 |   0.0 |   937
               +---------+---------+-------+---------+---------+-------+---------

Table legend:
 A = Turns spent in this place as a percentage of turns spent in the entire game.
 B = Non-inter-level travel turns spent in this place as a percentage of non-inter-level travel turns spent in the entire game.
 C = Inter-level travel turns spent in this place as a percentage of turns spent in this place.
 D = Turns resting spent in this place as a percentage of non-inter-level travel turns spent in this place.
 E = Turns spent auto-exploring this place as a percentage of non-inter-level travel turns spent in this place.
 F = Non-inter-level travel turns spent in this place divided by the number of levels of this place that you've seen.
                   A       B       C       D       E      F
               +-------+-------+-------+-------+-------+----------------------
         Total | 100.0 | 100.0 |   6.1 |  18.5 |  56.4 | 864.5
       Dungeon | 100.0 | 100.0 |   6.1 |  18.5 |  56.4 | 864.5
               +-------+-------+-------+-------+-------+----------------------

Table legend:
 A = Kills in this place as a percentage of kills in entire the game.
 B = Kills by you in this place as a percentage of kills by you in the entire game.
 C = Kills by friends in this place as a percentage of kills by friends in the entire game.
 D = Other kills in this place as a percentage of other kills in the entire game.
 E = Experience gained in this place as a percentage of experience gained in the entire game.
 F = Experience gained in this place divided by the number of levels of this place that you have seen.
                   A       B       C       D       E      F
               +-------+-------+-------+-------+-------+----------------------
         Total | 100.0 | 100.0 |   N/A |   N/A | 100.0 | 136.8
       Dungeon | 100.0 | 100.0 |   N/A |   N/A | 100.0 | 136.8
               +-------+-------+-------+-------+-------+----------------------
